 Dungeon Crawl Stone Soup version 0.30-a0-1164-ge08a67761e (webtiles) character file.

Game seed: 5516894563144477017

1887 Sobieck the Stinger (level 8, -6/44 (48) HPs)
             Began as a Deep Elf Venom Mage on Apr 29, 2023.
             Mangled by a wight
             ... wielding a +0 battleaxe
              (10 damage)
             ... on level 5 of the Dungeon.
             The game lasted 00:22:04 (7063 turns).

Sobieck the Stinger (Deep Elf Venom Mage)           Turns: 7063, Time: 00:22:04

HP:   -6/44 (48)    AC:  7    Str:  5    XL:     8   Next: 92%
MP:   19/19         EV: 12    Int: 23    God:
Gold: 319           SH:  0    Dex: 15    Spells: 9/19 levels left

rFire   . . .        a - +9 trident of Gaujuidgh {freeze, rElec rC- rN+, polearm}
rCold   x . .        (no shield)
rNeg    + . .        F - +0 robe
rPois   +            (no helmet)
rElec   +            d - +0 cloak
rCorr   .            (no gloves)
SInv    .            (no boots)
Will    .....        (no amulet)
Stlth   +++          j - ring of poison resistance
HPRegen 0.27/turn    q - +4 ring of protection
MPRegen 0.16/turn

%: no passive effects
@: hasted, drained, very quick
A: no striking features
a: no special abilities


You were on level 5 of the Dungeon.
You visited 1 branch of the dungeon, and saw 6 of its levels.

You collected 319 gold pieces.


   Skills:
 + Level 4.0 Fighting
 - Level 2.4 Dodging
 - Level 6.0 Stealth
 + Level 6.0 Spellcasting
 + Level 4.7 Conjurations
 - Level 1.1 Transmutations
 + Level 4.5 Air Magic
 - Level 7.0 Poison Magic


You had 9 spell levels left.
You knew the following spells:

 Your Spells              Type           Power      Damage    Failure   Level
a - Sting                 Tmut/Pois      100%       1d8       1%          1
b - Poisonous Vapours     Pois/Air       66%        N/A       1%          2
c - Mephitic Cloud        Conj/Pois/Air  31%        N/A       2%          3
d - Olgreb's Toxic Radia  Pois           39%        N/A       4%          4

Your spell library contained the following spells:

 Spells                   Type           Power      Damage    Failure   Level


Inventory:

Hand Weapons
 a - the +9 trident of Gaujuidgh (weapon) {freeze, rElec rC- rN+, polearm}
   (You took it off a gnoll on level 5 of the Dungeon)

   rC:        It makes you vulnerable to cold.
   rElec:     It insulates you from electricity.
   rN:        It protects you from negative energy.
 f - a +0 short sword {short}
   (You found it on level 1 of the Dungeon)
 w - a +2 spear of distortion {!wpolearm}
   (You found it on level 4 of the Dungeon)
 L - a +2 whip of freezing {mace}
   (You took it off an orc on level 5 of the Dungeon)
 U - a +1 dagger of protection {short}
   (You took it off an orc on level 4 of the Dungeon)
Missiles
 m - 5 poisoned darts {throwing}
 n - 53 stones {throwing}
 P - 6 boomerangs {throwing}
Armour
 c - a +0 robe
   (You took it off an orc wizard on level 5 of the Dungeon)
 d - a +0 cloak (worn)
   (You found it on level 1 of the Dungeon)
 e - a +0 ring mail
   (You found it on level 1 of the Dungeon)
 o - a +0 leather armour
   (You found it on level 2 of the Dungeon)
 s - a +0 robe
   (You found it on level 4 of the Dungeon)
 t - a +0 robe
   (You found it on level 3 of the Dungeon)
 x - a +0 leather armour
   (You took it off an orc on level 3 of the Dungeon)
 z - a +0 leather armour
   (You took it off an orc on level 4 of the Dungeon)
 A - a +0 ring mail
   (You took it off an orc on level 4 of the Dungeon)
 B - a +0 ring mail
   (You found it on level 4 of the Dungeon)
 D - a +0 robe
   (You took it off an orc wizard on level 4 of the Dungeon)
 F - a +0 robe (worn)
 G - a +0 leather armour
   (You took it off an orc on level 4 of the Dungeon)
 H - a +0 chain mail
   (You took it off an orc on level 5 of the Dungeon)
 K - a +0 robe
   (You took it off an orc wizard on level 5 of the Dungeon)
 N - a +0 leather armour
   (You took it off an orc on level 5 of the Dungeon)
 O - a +0 leather armour
   (You took it off an orc on level 5 of the Dungeon)
 Q - a +0 chain mail
   (You took it off an orc on level 5 of the Dungeon)
 R - a +0 leather armour
   (You took it off an orc on level 5 of the Dungeon)
 S - a +0 scale mail
   (You took it off an orc on level 5 of the Dungeon)
 T - a +4 chain mail
   (You took it off an orc on level 5 of the Dungeon)
 V - a +0 scale mail
   (You took it off an orc on level 5 of the Dungeon)
 X - a +0 robe
   (You took it off an orc wizard on level 5 of the Dungeon)
 Z - a +0 leather armour
   (You found it on level 5 of the Dungeon)
Jewellery
 h - a +6 ring of dexterity
   (You found it on level 4 of the Dungeon)
 j - a ring of poison resistance (left hand)
   (You found it on level 1 of the Dungeon)
 q - a +4 ring of protection (right hand)
   (You found it on level 4 of the Dungeon)
 E - a ring of protection from fire
   (You took it off an orc on level 4 of the Dungeon)
Wands
 r - a wand of acid (5)
   (You found it on level 3 of the Dungeon)
 W - a wand of iceblast (10)
   (You found it on level 5 of the Dungeon)
 Y - a wand of polymorph (7)
   (You found it on level 5 of the Dungeon)
Scrolls
 k - a scroll of butterflies
 l - 6 scrolls of fog
 y - 2 scrolls of blinking {!r}
 C - a scroll of enchant armour
 I - a scroll of acquirement {unknown}
 J - a scroll of enchant weapon {unknown}
 M - 3 scrolls of teleportation {@r4}
Potions
 b - a potion of magic
 g - a potion of attraction {!q}
 p - a potion of resistance
 u - a potion of lignification {!q}
 v - a potion of cancellation

Dungeon Overview and Level Annotations

Branches:
Dungeon (6/15) Zot: 26761
 Temple: D:4-7

Altars:
Elyvilon
Uskayaw

Annotations:
D:4 exclusions: ice beast and phantom
D:5 2 transporters, exclusion: ice beast
D:6 2 transporters

########## .........#
############## ########.####
#..>.........# >...........#
#.##########.#
##..........#####.##### #.#
.#.#####.##...........# #.#
.#.#####.############.######.#
................@z.#.........#
.#.###..........[#.#..#####..#
.#)###.#.#######.#.......##..#
##.##....# #.###..##.##..# #
.........# #.###..##.##.<# ##
##.##...## #............)###.
...###.#####
#####..##...†.....
##.........## #..####..#####
#..........# #..# #..#####


You could see a wight.


Message History

There is a stone staircase leading down, spattered with blood here.
Unknown command.
You are too injured to fight recklessly!
You are too injured to fight recklessly!
You are too injured to fight recklessly!
Unknown command.
You barely miss the wight.
The wight hits you with a +0 heavy scimitar.
Unknown command.
You barely miss the wight.
The wight hits you with a +0 heavy scimitar.
You partially resist.
You feel drained.
You completely miss the wight.
Unknown command.
You hit the wight. The wight barely misses you.
Unknown command.
You completely miss the wight. The wight closely misses you.
Unknown command.
You hit the wight but do no damage. The wight barely misses you.
Unknown command.
You hit the wight. The wight barely misses you.
You hit the wight. The wight misses you.
Unknown command.
You barely miss the wight. You punch the wight.
The wight hits you with a +0 heavy scimitar!
* * * LOW HITPOINT WARNING * * *
Unknown command.
You hit the wight.
You destroy the wight!
Your Fighting skill increases to level 4!
Your Spellcasting skill increases to level 6!
Things that are here:
a +0 heavy scimitar {long}; a +0 robe
There is a stone staircase leading down, spattered with blood here.
You start resting.
You start resting.
Things that are here:
a +0 robe; a +0 short sword {short}
There is a stone staircase leading down, spattered with blood here.
You climb downwards.
Level annotation: 2 transporters
There is a stone staircase leading up, spattered with blood here.
Unknown command.
Unknown command.
Unknown command.
Danger!
Casting: Poisonous Vapours (safe; 1% risk of failure)
Confirm with . or Enter, or press ? or * to list all spells.
Aiming: Poisonous Vapours (safe; 1% risk of failure)
Press: ? - help, Dir - move target, f - you
Okay, then.
Unknown command.
What are your orders? t - Shout!
Orders for allies: a - Attack new target. r - Retreat! s - Stop attacking. g - Guard the area. f - Follow me.
Anything else - Cancel.
You shout for attention!
What are your orders? t - Shout!
Orders for allies: a - Attack new target. r - Retreat! s - Stop attacking. g - Guard the area. f - Follow me.
Anything else - Cancel.
Okay, then.
There is a stone staircase leading up, spattered with blood here.
Unknown command.
Unknown command.
The shadow imp picks up a beetle and eats it.
The wight misses you.
You climb upwards.
Level annotation: 2 transporters, exclusion: ice beast
There is a stone staircase leading down, spattered with blood here.
Unknown command.
Unknown command.
You closely miss the wight. The wight hits you but does no damage.
You closely miss the wight. The wight hits you but does no damage.
The wight hits you with a +0 battleaxe! You partially resist.
You feel drained.
You barely miss the wight. The wight hits you with a +0 battleaxe.
You hit the wight. The wight barely misses you.
Unknown command.
You closely miss the wight. The wight hits you with a +0 battleaxe!
* * * LOW HITPOINT WARNING * * *
You partially resist.
You feel drained. The wight hits you with a +0 battleaxe.
* * * LOW HITPOINT WARNING * * *
You hit the wight. The wight barely misses you.
You hit the wight. The wight hits you with a +0 battleaxe!
* * * LOW HITPOINT WARNING * * *
Unknown command.
You hit the wight. The wight hits you with a +0 battleaxe.
* * * LOW HITPOINT WARNING * * *
You partially resist.
You feel drained.
You feel yourself speed up. The wight hits you with a +0 battleaxe!
You die...

Skill      XL: |  1  2  3  4  5  6  7  8 |
---------------+-------------------------+-----
Stealth        | 3 4 6 |  6.0
Fighting       | 1 2 4 |  4.0
Poison Magic   | 4 5 6 7 |  7.0
Air Magic      | 1 2 3 4 |  4.5
Conjurations   | 1 2 3 4 |  4.7
Spellcasting   | 4 6 |  6.0
Dodging        | |  2.4
Transmutations | |  1.1

Action                     |  1- 3 |  4- 6 |  7- 9 || total
---------------------------+-------+-------+-------++-------
  Melee: Short sword       |     1 |     1 |       ||     2
         Dagger            |       |    72 |     3 ||    75
         Whip              |       |       |    26 ||    26
         Trident           |       |       |    58 ||    58
         Punch             |       |       |     2 ||     2
   Cast: Sting             |    58 |    93 |    27 ||   178
         Poisonous Vapours |    13 |    31 |    13 ||    57
         Olgreb's Toxic Ra |       |     2 |    17 ||    19
    Use: Scroll            |       |    13 |     1 ||    14
         Potion            |       |       |     1 ||     1
   Stab: Sleeping          |       |       |     2 ||     2
 Armour: Robe              |     3 |    43 |    19 ||    65
  Dodge: Dodged            |    17 |    75 |    56 ||   148

Levels and vault maps discovered:
D:1:      lightli_iron_boxes, layout_rooms,
          shapermc_ecumenical_altar_mp_ritualfount,
          amcnicky_mini_corridor_feature, wander_ebering_terrifying_dragon_lair
D:2:      layout_rooms
D:3:      layout_basic
D:4:      layout_gridville, elyvilon_altar_1, hangedman_decor_points,
          abandoned_shop, nicolae_underground_beach
D:5:      lemuel_castle_with_subvaults [lemuel_castle_interior_carwin_3],
          layout_loops_ring, gammafunk_temple_overflow_arena,
          minmay_divided_ellipse
D:6:      gammafunk_wand_slinger, layout_gridville, temple_pool_b

Notes
Turn   | Place    | Note
-------+----------+-------------------------------------------
     0 | D:1      | Sobieck the Deep Elf Venom Mage began the quest for the
                  | Orb.
     0 | D:1      | Reached XP level 1. HP: 10/10 MP: 6/6
   262 | D:1      | Reached XP level 2. HP: 12/16 MP: 2/8
   271 | D:1      | Learned a level 2 spell: Poisonous Vapours
   354 | D:1      | Found a faded altar of an unknown god.
   388 | D:1      | Reached skill level 3 in Stealth
   679 | D:1      | Reached skill level 1 in Fighting
   838 | D:1      | Reached XP level 3. HP: 20/20 MP: 7/9
  1191 | D:2      | Reached skill level 4 in Poison Magic
  1502 | D:2      | Reached XP level 4. HP: 20/25 MP: 3/10
  1636 | D:2      | Learned a level 3 spell: Mephitic Cloud
  2172 | D:3      | Reached skill level 1 in Air Magic
  2217 | D:3      | You fall into a shaft and drop 1 floor!
  2847 | D:4      | Reached skill level 4 in Stealth
  3186 | D:4      | Noticed a phantom
  3207 | D:4      | Noticed an ice beast
  3422 | D:4      | Found a white marble altar of Elyvilon.
  3444 | D:4      | Reached skill level 1 in Conjurations
  3444 | D:4      | Reached XP level 5. HP: 30/30 MP: 6/11
  3714 | D:4      | Learned a level 4 spell: Olgreb's Toxic Radiance
  3869 | D:4      | Reached skill level 2 in Fighting
  3938 | D:4      | Reached skill level 2 in Air Magic
  4069 | D:5      | Entered Level 5 of the Dungeon
  4069 | D:5      | Noticed an ice beast
  4106 | D:5      | Noticed a phantom
  4109 | D:4      | Reached XP level 6. HP: 31/35 MP: 6/12
  4221 | D:4      | Reached skill level 5 in Stealth
  4221 | D:4      | Reached skill level 2 in Conjurations
  4221 | D:4      | Reached skill level 5 in Poison Magic
  4257 | D:5      | Found a transporter.
  4360 | D:5      | Reached skill level 6 in Stealth
  4714 | D:5      | Reached XP level 7. HP: 24/40 MP: 12/14
  5082 | D:5      | Reached skill level 4 in Spellcasting
  5160 | D:5      | Reached skill level 3 in Conjurations
  5244 | D:5      | Reached skill level 3 in Air Magic
  5333 | D:5      | Reached skill level 6 in Poison Magic
  5497 | D:5      | Identified the +9 trident of Gaujuidgh {freeze, rElec rC-
                  | rN+}
  5731 | D:5      | Reached XP level 8. HP: 44/45 MP: 11/16
  6062 | D:5      | Reached skill level 3 in Fighting
  6126 | D:5      | Reached skill level 5 in Spellcasting
  6210 | D:5      | Reached skill level 4 in Conjurations
  6210 | D:5      | Reached skill level 7 in Poison Magic
  6367 | D:5      | Reached skill level 4 in Air Magic
  6464 | D:5      | Found a hide-covered altar of Uskayaw.
  6465 | D:5      | Found a transporter.
  6836 | D:6      | Noticed a kobold demonologist
  6836 | D:6      | Found a transporter.
  6836 | D:6      | Found a transporter.
  6922 | D:5      | Reached skill level 4 in Fighting
  6922 | D:5      | Reached skill level 6 in Spellcasting
  7061 | D:5      | HP: 5/45 [wight/+0 battleaxe (14)]
  7063 | D:5      | Mangled by a wight

Vanquished Creatures
  A water moccasin (D:5)
  An orc warrior (D:5)
  2 black bears (D:5)
  An ogre (D:5)
  3 phantoms
  5 scorpions
  3 wights (D:5)
  3 hounds (D:5)
  A jelly (D:5)
  2 orc priests
  2 iguanas (D:5)
  4 orc wizards
  18 gnolls (D:5)
  9 adders
  2 shadow imps (D:5)
  3 ufetubi
  A worm (D:2)
  3 dart slugs (D:1)
  30 orcs
  3 ball pythons
  8 endoplasms
  A giant cockroach (D:2)
  10 goblins
  3 hobgoblins
  13 jackals
  4 kobolds
  3 quokkas
  5 bats
  3 frilled lizards (D:1)
  4 rats
151 creatures vanquished.

Vanquished Creatures (others)
  An orc (D:5)
  2 fungi
  A plant (D:5)
4 creatures vanquished.

Grand Total: 155 creatures vanquished

Table legend:
 A = Non-vault XP
 B = Vault XP
 C = Vault XP percentage of total XP
 D = Non-vault monster count
 E = Vault monster count
 F = Vault count percentage of total count
                 A         B        C        D         E       F
            +---------+---------+-------+---------+---------+-------
      Total |    1253 |    1444 |  53.5 |      86 |      66 |  43.4
            +---------+---------+-------+---------+---------+-------
        D:1 |      41 |       1 |   2.4 |      21 |       1 |   4.5
        D:2 |      74 |       0 |   0.0 |      15 |       0 |   0.0
        D:3 |      50 |       0 |   0.0 |      13 |       0 |   0.0
        D:4 |     336 |       0 |   0.0 |      22 |       0 |   0.0
        D:5 |     752 |    1443 |  65.7 |      15 |      65 |  81.2
            +---------+---------+-------+---------+---------+-------

Skill      XL: |  1  2  3  4  5  6  7  8 |
---------------+-------------------------+-----
Stealth        | 3 4 6 |  6.0
Fighting       | 1 2 4 |  4.0
Poison Magic   | 4 5 6 7 |  7.0
Air Magic      | 1 2 3 4 |  4.5
Conjurations   | 1 2 3 4 |  4.7
Spellcasting   | 4 6 |  6.0
Dodging        | |  2.4
Transmutations | |  1.1

Action                     |  1- 3 |  4- 6 |  7- 9 || total
---------------------------+-------+-------+-------++-------
  Melee: Short sword       |     1 |     1 |       ||     2
         Dagger            |       |    72 |     3 ||    75
         Whip              |       |       |    26 ||    26
         Trident           |       |       |    58 ||    58
         Punch             |       |       |     2 ||     2
   Cast: Sting             |    58 |    93 |    27 ||   178
         Poisonous Vapours |    13 |    31 |    13 ||    57
         Olgreb's Toxic Ra |       |     2 |    17 ||    19
    Use: Scroll            |       |    13 |     1 ||    14
         Potion            |       |       |     1 ||     1
   Stab: Sleeping          |       |       |     2 ||     2
 Armour: Robe              |     3 |    43 |    19 ||    65
  Dodge: Dodged            |    17 |    75 |    56 ||   148

Illustrated notes

Table legend:
 A = Kills in this place as a percentage of kills in the entire game.
 B = Kills by you in this place as a percentage of kills by you in the entire game.
 C = Kills by friends in this place as a percentage of kills by friends in the entire game.
 D = Other kills in this place as a percentage of other kills in the entire game.
 E = Experience gained in this place as a percentage of experience gained in the entire game.
 F = Experience gained in this place divided by the number of levels of this place that you have seen.
                   A       B       C       D       E      F
               +-------+-------+-------+-------+-------+----------------------
         Total | 100.0 | 100.0 |   N/A | 100.0 | 100.0 | 449.5
       Dungeon | 100.0 | 100.0 |   N/A | 100.0 | 100.0 | 449.5
               +-------+-------+-------+-------+-------+----------------------

Table legend: (Time is in decaauts)
 A = Elapsed time spent in this place.
 B = Non-inter-level travel time spent in this place.
 C = Inter-level travel time spent in this place.
 D = Time resting spent in this place.
 E = Time spent auto-exploring this place.
 F = Levels seen in this place.
 G = Mean time per level.
                   A        B        C        D        E       F      G
               +--------+--------+--------+--------+--------+-----+--------+
         Total |   7098 |   6820 |    278 |   1568 |   3331 |   6 | 1183.0 |
       Dungeon |   7098 |   6820 |    278 |   1568 |   3331 |   6 | 1183.0 |
               +--------+--------+--------+--------+--------+-----+--------+

Top non-repeatable levels by time:
     D:5: 2820 daAuts
     D:4: 1455 daAuts
     D:1: 934 daAuts
     D:2: 932 daAuts
     D:3: 930 daAuts
     D:6: 26 daAuts
